 Dungeon Crawl Stone Soup version 0.22-a0-480-g991dd4b (webtiles) character file.

560 Mgcat the Cleaver (level 7, 0/57 HPs)
             Began as a Minotaur Berserker on June 15, 2018.
             Was a Believer of Trog.
             Slain by an ogre
             ... wielding a +0 giant club
              (15 damage)
             ... on level 4 of the Dungeon.
             The game lasted 00:04:20 (1928 turns).

Mgcat the Cleaver (Minotaur Berserker)              Turns: 1928, Time: 00:04:21

Health: 0/57       AC:  9    Str: 22    XL:     7   Next: 9%
Magic:  6/6        EV:  8    Int:  4    God:    Trog [**....]
Gold:   105        SH:  0    Dex: 11    Spells: 6/6 levels left

rFire    . . .     SeeInvis .   s - -1 war axe (curse)
rCold    . . .     Gourm    .   (no shield)
rNeg     + . .     Faith    .   j - +0 chain mail
rPois    +         Spirit   .   (helmet restricted)
rElec    .         Reflect  .   (no cloak)
rCorr    .         Harm     .   (no gloves)
MR       .....                  u - +0 pair of boots
Stlth    ..........             (no amulet)
HPRegen  0.19/turn              k - ring of poison resistance {rPois, !d}
MPRegen  0.10/turn              t - ring of positive energy {rN+}

@: about to teleport, berserk cooldown, slowed, very slow
A: retaliatory headbutt, horns 2
a: Berserk, Trog's Hand, Renounce Religion


You were on level 4 of the Dungeon.
You worshipped Trog.
Trog was pleased with you.
You were not hungry.

You visited 1 branch of the dungeon, and saw 4 of its levels.

You collected 105 gold pieces.

Inventory:

Hand Weapons
 s - a cursed -1 war axe (weapon)
   (You took it off an orc on level 3 of the Dungeon)
Armour
 j - a +0 chain mail (worn)
   (You found it on level 1 of the Dungeon)
 u - a +0 pair of boots (worn)
   (You found it on level 3 of the Dungeon)
Jewellery
 k - a ring of poison resistance (left hand) {rPois, !d}
   (You found it on level 1 of the Dungeon)
 t - a ring of positive energy (right hand) {rN+}
   (You found it on level 3 of the Dungeon)
Wands
 a - a wand of polymorph (21)
   (You took it off Grinder on level 3 of the Dungeon)
 w - a wand of iceblast (2)
   (You took it off Ijyb on level 4 of the Dungeon)
Scrolls
 b - 3 scrolls of amnesia {unknown}
 d - a scroll of teleportation
 e - 6 scrolls of identify {unknown}
 h - 4 scrolls of remove curse {unknown}
 p - a scroll of blinking {unknown}
 r - a scroll of fog {unknown}
 v - a scroll of enchant armour {unknown}
Potions
 g - 2 potions of heal wounds {unknown}
 i - 2 potions of agility {unknown}
 l - 2 potions of invisibility {unknown}
 m - a potion of mutation {unknown}
 n - a potion of ambrosia {unknown}
 o - a potion of degeneration {unknown}
 q - a potion of curing {unknown}
Comestibles
 c - 4 rations
 f - 13 chunks of flesh {@w0}


   Skills:
 - Level 3.6 Fighting
 + Level 9.8 Axes
 - Level 2.4 Armour
 - Level 2.1 Dodging


You had 6 spell levels left.
You didn't know any spells.
Your spell library was empty.

Dungeon Overview and Level Annotations

Branches:
Dungeon (4/15)
 Temple: D:4-7

Altars:
Gozag
Qazlal
Ru
Sif Muna
Uskayaw

Annotations:
D:3 1 exclusion


Innate Abilities, Weirdness & Mutations

You reflexively headbutt those who attack you in melee.
You have a pair of horns on your head.


Message History

Your chain mail prevents you from hitting the leopard gecko.
The leopard gecko closely misses you.
You closely miss the leopard gecko.
The leopard gecko is heavily wounded.
The leopard gecko barely misses you.
You hit the leopard gecko.
You kill the leopard gecko!
Trog accepts your kill.
No target in view!
No target in view!
No target in view!
No target in view!
No target in view!
No target in view!
HP restored.
You butcher the worker ant corpse.
f - 4 chunks of flesh {@w0} (gained 2)
w - a wand of iceblast (2)
There is a stone staircase leading up, spattered with blood here.
Things that are here:
a club; a ring mail; the goblin corpse of Ijyb You butcher the goblin corpse of Ijyb.
f - 7 chunks of flesh {@w0} (gained 3)
There is a stone staircase leading up, spattered with blood here.
Things that are here:
a club; a ring mail; the goblin skeleton of Ijyb
There is a stone staircase leading up, spattered with blood here.
Things that are here:
a club; a ring mail; the goblin skeleton of Ijyb You butcher the worker ant corpse.
f - 10 chunks of flesh {@w0} (gained 3)
You butcher the leopard gecko corpse.
f - 12 chunks of flesh {@w0} (gained 2) Key pressed, stopping explore.
You now have 105 gold pieces (gained 6).
Key pressed, stopping explore.
Marking area around Edmund as unsafe for travelling.
Edmund the Younger comes into view.
He is wielding a flail of draining.
Edmund shouts!
Unknown command.
Unknown command.
Your skin crawls.
You feel resistant to hostile enchantments.
You are feeling hungry.
A red film seems to cover your vision as you go berserk!
You feel yourself moving faster!
You feel mighty!
You are feeling very hungry.
You slash Edmund! You headbutt Edmund!
Edmund is heavily wounded.
You hit Edmund but do no damage.
Edmund is heavily wounded.
Edmund barely misses you. You furiously retaliate!
You headbutt Edmund. You barely miss Edmund. Your headbutt misses Edmund.
Edmund is heavily wounded.
Edmund barely misses you.
You hit Edmund. You headbutt Edmund.
Edmund is severely wounded.
You are near starving!
You slash Edmund!
You kill Edmund!
Trog accepts your kill.
You have reached level 7!
Things that are here:
a flail of draining; a ring mail; the human corpse of Edmund You butcher the human corpse of Edmund.
You feel a strong urge to attack something.
You feel the effects of Trog's Hand fading.
f - 15 chunks of flesh {@w0} (gained 3)
Things that are here:
a flail of draining; a ring mail Calm down first, please.
You start waiting.
Eating one of 15 chunks of flesh {@w0}.
You eat one of the 15 chunks of flesh {@w0}.
This raw flesh tastes terrible.
You are feeling hungry.
You are no longer berserk.
You are exhausted.
You feel yourself slow down.
You start waiting.
Eating one of 14 chunks of flesh {@w0}.
You eat one of the 14 chunks of flesh {@w0}.
This raw flesh tastes terrible.
An ogre comes into view. It is wielding a giant club.
Your skin stops crawling.
You feel less resistant to hostile enchantments.
No target in view!
You see here 25 stones.
You hit the ogre. Your headbutt misses the ogre.
The ogre is lightly wounded.
The ogre hits you with a giant club!
You completely miss the ogre.
The ogre is lightly wounded.
The ogre hits you with a giant club!
You hit the ogre.
The ogre is moderately wounded.
The ogre barely misses you. The ogre hits you with a giant club!
* * * LOW HITPOINT WARNING * * *
As you read the scroll labeled DUXUAMI ZAGAE, it crumbles to dust.
You feel strangely unstable.
It was a scroll of teleportation.
The ogre hits you with a giant club!
You die...

###........#!#.##
........)..###..#
##.............#
##..##.##.####.#
.... #(##......#
###. #.##.#######
#.###.#..)......
#.....O.........
.#####.###@.#.####.
..........<.......
.#####.###..#.####
#. #..#.# #. #....#
#. #...... #.
#.###### #l ... #.
#..


You could see an ogre.

Vanquished Creatures
  Grinder (D:3)
  Edmund (D:4)
  The ghost of Tallim the Poker, a weakling MfSk of Okawaru (D:3)
  Ijyb (D:4)
  2 worker ants (D:4)
  6 adders
  2 worms (D:2)
  2 dart slugs
  4 leopard geckos
  2 orcs (D:3)
  3 ball pythons
  5 giant cockroaches
  5 goblins
  11 hobgoblins
  3 jackals (D:1)
  4 kobolds
  3 quokkas
  5 bats
  2 frilled lizards
  7 rats
70 creatures vanquished.

Notes
Turn   | Place    | Note
-------+----------+-------------------------------------------
     0 | D:1      | Mgcat the Minotaur Berserker began the quest for the Orb.
     0 | D:1      | Reached XP level 1. HP: 19/19 MP: 0/0
    91 | D:1      | Reached skill level 4 in Axes
   185 | D:1      | Reached XP level 2. HP: 24/26 MP: 1/1
   448 | D:1      | Reached skill level 5 in Axes
   635 | D:1      | Reached XP level 3. HP: 31/31 MP: 2/2
   878 | D:2      | Found a stormy altar of Qazlal.
   895 | D:2      | Found a hide-covered altar of Uskayaw.
   902 | D:2      | Reached ** piety under Trog
   984 | D:2      | Found a sacrificial altar of Ru.
  1320 | D:3      | Found a deep blue altar of Sif Muna.
  1340 | D:3      | Reached XP level 4. HP: 36/39 MP: 3/3
  1359 | D:3      | Reached skill level 6 in Axes
  1411 | D:3      | Noticed Tallim's ghost (weakling MfSk)
  1423 | D:3      | Killed Tallim's ghost
  1488 | D:3      | Noticed Grinder
  1490 | D:3      | Reached skill level 7 in Axes
  1490 | D:3      | Reached XP level 5. HP: 45/45 MP: 4/4
  1497 | D:3      | Killed Grinder
  1497 | D:3      | Reached skill level 8 in Axes
  1497 | D:3      | Reached XP level 6. HP: 51/51 MP: 5/5
  1705 | D:3      | Found an opulent altar of Gozag.
  1871 | D:4      | Noticed Ijyb
  1877 | D:4      | Reached skill level 9 in Axes
  1883 | D:4      | Killed Ijyb
  1903 | D:4      | Noticed Edmund
  1912 | D:4      | Killed Edmund
  1912 | D:4      | Reached XP level 7. HP: 57/57 MP: 6/6
  1928 | D:4      | Slain by an ogre

Vault maps used:
D:1:      evilmike_arrival_rings, minmay_misc_feat_room
D:2:      eat_drink_and_be_merry_uskayaw, lemuel_round_altar,
          grunt_ministairs_4, nicolae_qazlal_general_emergency
D:3:      led_sif_book, old_standard_altar, uniq_grinder
D:4:      nicolae_overflow_crystal_walls, item_on_display_a, uniq_edmund,
          uniq_duvessa, uniq_ijyb

Skill      XL: |  1  2  3  4  5  6 |
---------------+-------------------+-----
Axes           | 4 5 7 8 9 |  9.8
Fighting       | |  3.6
Armour         | |  2.4
Dodging        | |  2.1

Action                   |  1- 3 |  4- 6 |  7- 9 || total
-------------------------+-------+-------+-------++-------
Melee: Hand axe          |   104 |       |       ||   104
       Headbutt          |    12 |    14 |       ||    26
       War axe           |     3 |    56 |     3 ||    62
Invok: Berserk           |       |     3 |       ||     3
       Trog's Hand       |       |     3 |       ||     3
  Use: Scroll            |       |       |     1 ||     1
  Eat: Chunk             |     1 |     4 |     2 ||     7
Armor: Animal skin       |     7 |       |       ||     7
       Chain mail        |    39 |    27 |       ||    66
Dodge: Dodged            |    38 |    28 |     1 ||    67

Table legend:
 A = Spawn XP
 B = Non-spawn XP
 C = Spawn XP percentage of total XP
 D = Spawn monster count
 E = Non-spawn monster count
 F = Spawn count percentage of total count
 G = Total turns spent on level
                    A         B        C        D         E        F      G
               +---------+---------+-------+---------+---------+-------+---------
         Total |       0 |     800 |   0.0 |       0 |      70 |   0.0 |  1928
               +---------+---------+-------+---------+---------+-------+---------
           D:1 |       0 |      45 |   0.0 |       0 |      24 |   0.0 |   761
           D:2 |       0 |      43 |   0.0 |       0 |      16 |   0.0 |   524
           D:3 |       0 |     450 |   0.0 |       0 |      25 |   0.0 |   586
           D:4 |       0 |     262 |   0.0 |       0 |       5 |   0.0 |    57
               +---------+---------+-------+---------+---------+-------+---------

Vault maps used:
D:1:      evilmike_arrival_rings, minmay_misc_feat_room
D:2:      eat_drink_and_be_merry_uskayaw, lemuel_round_altar,
          grunt_ministairs_4, nicolae_qazlal_general_emergency
D:3:      led_sif_book, old_standard_altar, uniq_grinder
D:4:      nicolae_overflow_crystal_walls, item_on_display_a, uniq_edmund,
          uniq_duvessa, uniq_ijyb

Table legend:
 A = Turns spent in this place as a percentage of turns spent in the entire game.
 B = Non-inter-level travel turns spent in this place as a percentage of non-inter-level travel turns spent in the entire game.
 C = Inter-level travel turns spent in this place as a percentage of turns spent in this place.
 D = Turns resting spent in this place as a percentage of non-inter-level travel turns spent in this place.
 E = Turns spent auto-exploring this place as a percentage of non-inter-level travel turns spent in this place.
 F = Non-inter-level travel turns spent in this place divided by the number of levels of this place that you've seen.
                   A       B       C       D       E      F
               +-------+-------+-------+-------+-------+----------------------
         Total | 100.0 | 100.0 |   3.5 |   2.3 |  75.7 | 465.0
       Dungeon | 100.0 | 100.0 |   3.5 |   2.3 |  75.7 | 465.0
               +-------+-------+-------+-------+-------+----------------------

Table legend:
 A = Kills in this place as a percentage of kills in entire the game.
 B = Kills by you in this place as a percentage of kills by you in the entire game.
 C = Kills by friends in this place as a percentage of kills by friends in the entire game.
 D = Other kills in this place as a percentage of other kills in the entire game.
 E = Experience gained in this place as a percentage of experience gained in the entire game.
 F = Experience gained in this place divided by the number of levels of this place that you have seen.
                   A       B       C       D       E      F
               +-------+-------+-------+-------+-------+----------------------
         Total | 100.0 | 100.0 |   N/A |   N/A | 100.0 | 200.0
       Dungeon | 100.0 | 100.0 |   N/A |   N/A | 100.0 | 200.0
               +-------+-------+-------+-------+-------+----------------------
